 Dungeon Crawl Stone Soup version 0.29.1-15-g9cfb28693d (webtiles) character file.

Game seed: 7713218497159215825

3 H0rd4k the Charlatan (level 1, 0/13 HPs)
             Began as an Octopode Artificer on Mar 15, 2023.
             Slain by a kobold
             ... wielding a +0 short sword
              (3 damage)
             ... on level 1 of the Dungeon.
             The game lasted 00:00:09 (25 turns).

H0rd4k the Charlatan (Octopode Artificer)             Turns: 25, Time: 00:00:10

Health: 0/13       AC:  1    Str: 11    XL:     1   Next: 50%
Magic:  1/2        EV: 13    Int: 13    God:
Gold:   0          SH:  0    Dex: 12    Spells: 1/1 levels left

rFire   . . .      SeeInvis .   (no weapon)
rCold   . . .      Faith    .   (no shield)
rNeg    . . .      Spirit   .   (helmet restricted)
rPois   .          Reflect  .   (no amulet)
rElec   .          Harm     .   (no ring)
rCorr   .          Rampage  .   (no ring)
Will    .....                   (no ring)
Stlth   +++.......              (no ring)
HPRegen 0.04/turn               (no ring)
MPRegen 0.08/turn               (no ring)
                                (no ring)
                                (no ring)

@: no status effects
A: almost no armour, amphibious, 8 rings, camouflage 1, gelatinous body 1,
(nimble swimmer 1), tentacles
a: no special abilities


You were on level 1 of the Dungeon.
You visited 1 branch of the dungeon, and saw 1 of its levels.

Inventory:

Wands
 b - a wand of flame (15) (quivered)
 c - a wand of charming (15)
 d - a wand of iceblast (5)


   Skills:
 * Level 1.1 Fighting
 - Level 2.3 Dodging
 - Level 1.3 Stealth
 * Level 0.6 Spellcasting
 - Level 3.2 Evocations


You had one spell level left.
You didn't know any spells.
Your spell library was empty.

Dungeon Overview and Level Annotations

Branches:
Dungeon (1/15)

Altars:


Innate Abilities, Weirdness & Mutations

You cannot wear most types of armour.
You are amphibious.
You can wear up to eight rings at the same time.
Your skin changes colour to match your surroundings (Stealth+).
Your rubbery body absorbs attacks. (AC +1, EV +1)
((You are camouflaged when in or above water. (Stealth+)))
You have tentacles for arms and can constrict up to eight enemies at once.


Message History

The helpless giant cockroach fails to defend itself.
You tentacle-slap the giant cockroach. You grab the giant cockroach.
The giant cockroach is heavily wounded.
You constrict the giant cockroach. The giant cockroach barely misses you.
The ball python hisses angrily.
You tentacle-slap the giant cockroach but do no damage.
The giant cockroach is severely wounded.
You constrict the giant cockroach.
You kill the giant cockroach!
The rat bites you.
The frilled lizard bites you but does no damage.
The kobold shouts!
You tentacle-slap the frilled lizard.
You kill the frilled lizard!
The rat bites you. The ball python closely misses you.
The ball python misses you.
You tentacle-slap the ball python. Your grab misses the ball python.
Your squeeze misses the ball python.
The ball python is moderately wounded.
The ball python bites you. The ball python misses you. The rat bites you.
You barely miss the ball python. You grab the ball python.
The ball python is moderately wounded.
You constrict the ball python. The ball python barely misses you.
The ball python grabs you. The ball python constricts you.
The rat bites you but does no damage.
You completely miss the ball python.
The ball python is heavily wounded.
You constrict the ball python.
You kill the ball python!
The kobold hits you with a +0 short sword.
* * * LOW HITPOINT WARNING * * *
The rat bites you but does no damage.
You tentacle-slap the rat. You grab the rat.
The rat is moderately wounded.
You constrict the rat. The kobold barely misses you.
The rat closely misses you.
You tentacle-slap the rat.
You kill the rat!
The kobold hits you with a +0 short sword.
You die...

#>..§..§### .......
#<..§§#§..## #........
#...§§§.#..# #........
##########.####........
##.$?##........
#...........$..
#.............
#.....K††##.#
#......@....#
#........#..#
#........# .#
#........# . #...$....#
#.....)..# ##########


You could see a kobold.

Vanquished Creatures
  A ball python (D:1)
  A giant cockroach (D:1)
  A frilled lizard (D:1)
  A rat (D:1)
4 creatures vanquished.

Notes
Turn   | Place    | Note
-------+----------+-------------------------------------------
     0 | D:1      | H0rd4k the Octopode Artificer began the quest for the Orb.
     0 | D:1      | Reached XP level 1. HP: 13/13 MP: 1/1
    25 | D:1      | Slain by a kobold

Illustrated notes

Levels and vault maps discovered:
D:1:      dpeg_arrival_fog, layout_basic

Action                   || total
-------------------------++-------
Melee: Unarmed           ||     8
       Constrict         ||     3
 Stab: Sleeping          ||     1
Armor: Skin              ||     3
Dodge: Dodged            ||     7
